TOP OF THE 1ST |
Bellevue Bruins batting - Pitching for Grim Reapers : RHP Edward Scarborough
|
Pitching: RHP Edward Scarborough
|
|
Batting: SHB Jorge Ayala
|
0-0: Called Strike 0-1: Ball 1-1: Ball 2-1: Ball 3-1: Base on Balls
|
Batting: RHB Ernesto Bea
|
0-0: Called Strike 0-1: Ball 1-1: DOUBLE (Line Drive, 78D) Jorge Ayala to third Runner from 3rd tries for Home, SAFE, no throw
|
Batting: SHB Aurelio Jiménez
|
0-0: Foul Ball, location: 2F 0-1: Swinging Strike 0-2: Foul Ball, location: 2F 0-2: Strikes out swinging
|
Batting: RHB Alberto Lastaneda
|
0-0: Called Strike 0-1: Ball 1-1: Ground out 5-3 (Groundball, 56)
|
Batting: LHB Lorenzo Díaz
|
0-0: Ball 1-0: Ball 2-0: Called Strike 2-1: Ball 3-1: Fly out, F8 (Flyball, 8LS)
|
Top of the 1st over - 1 run(s), 1 hit(s), 0 error(s), 1 left on base; Bellevue 1 - Grim 0 |
BOTTOM OF THE 1ST |
Grim Reapers batting - Pitching for Bellevue Bruins : RHP Roosevelt Guimond
|
Pitching: RHP Roosevelt Guimond
|
|
Batting: SHB Javier Vázquez
|
0-0: Ball 1-0: Ball 2-0: Foul Ball, location: 2F 2-1: SINGLE (Line Drive, 6D)
|
Batting: RHB Tomás Costello
|
0-0: Called Strike Throwing error on steal attempt, E2 Javier Vázquez to third 0-1: Ball 1-1: Foul Ball, location: 2F 1-2: Strikes out swinging
|
Batting: LHB Dante Aristizabal
|
0-0: Fly out, F3 (Flyball, 3D)
|
Batting: RHB Bernardo Rodríguez
|
0-0: Called Strike 0-1: Called Strike 0-2: Foul Ball, location: 2F 0-2: Foul Ball, location: 2F 0-2: Strikes out looking
|
Bottom of the 1st over - 0 run(s), 1 hit(s), 1 error(s), 1 left on base; Bellevue 1 - Grim 0 |
TOP OF THE 2ND |
Bellevue Bruins batting - Pitching for Grim Reapers : RHP Edward Scarborough
|
Batting: LHB Phil Minor
|
0-0: Bunt missed! 0-1: SINGLE (Line Drive, 56D)
|
Batting: LHB David Muller
|
0-0: Ball 1-0: Called Strike 1-1: Ball 2-1: Called Strike 2-2: Ball 3-2: Foul Ball, location: 2F 3-2: Fielders Choice at 2nd, 3-6 (Groundball, 3)
|
Batting: RHB Carlos Cruz
|
0-0: Ground out 6-3 (Groundball, 6MS) David Muller to second
|
Batting: LHB Juan Romero
|
0-0: Foul Ball, location: 2F 0-1: Ground out 4-3 (Groundball, 4)
|
Top of the 2nd over - 0 run(s), 1 hit(s), 0 error(s), 1 left on base; Bellevue 1 - Grim 0 |
BOTTOM OF THE 2ND |
Grim Reapers batting - Pitching for Bellevue Bruins : RHP Roosevelt Guimond
|
Batting: RHB Colt Cabana
|
0-0: Fly out, F7 (Flyball, 7LSF)
|
Batting: RHB Jeb Sexton
|
0-0: Ball 1-0: Ground out 4-3 (Groundball, 4)
|
Batting: RHB Héctor Flores
|
0-0: Ball 1-0: Ball 2-0: Fly out, F5 (Line Drive, 56)
|
Bottom of the 2nd over - 0 run(s), 0 hit(s), 0 error(s), 0 left on base; Bellevue 1 - Grim 0 |
TOP OF THE 3RD |
Bellevue Bruins batting - Pitching for Grim Reapers : RHP Edward Scarborough
|
Batting: SHB Jorge Ayala
|
0-0: Foul Ball, location: 2F 0-1: Swinging Strike 0-2: Foul Ball, location: 2F 0-2: Ball 1-2: Strikes out swinging
|
Batting: RHB Ernesto Bea
|
0-0: Ball 1-0: Called Strike 1-1: Ball 2-1: Ground out 5-3 (Groundball, 56)
|
Batting: SHB Aurelio Jiménez
|
0-0: Foul Ball, location: 2F 0-1: Ball 1-1: Foul Ball, location: 2F 1-2: Strikes out swinging, 2-3 out at first.
|
Top of the 3rd over - 0 run(s), 0 hit(s), 0 error(s), 0 left on base; Bellevue 1 - Grim 0 |
BOTTOM OF THE 3RD |
Grim Reapers batting - Pitching for Bellevue Bruins : RHP Roosevelt Guimond
|
Batting: RHB Luis Pagán
|
0-0: Ball 1-0: Ball 2-0: Called Strike 2-1: Called Strike 2-2: Foul Ball, location: 2F 2-2: Ball 3-2: Base on Balls
|
Batting: RHB Mason Congdon
|
0-0: Ball 1-0: Called Strike 1-1: Swinging Strike 1-2: Strikes out swinging
|
Batting: SHB Javier Vázquez
|
0-0: Called Strike 0-1: Ball 1-1: Swinging Strike 1-2: Foul Ball, location: 2F 1-2: DOUBLE (Line Drive, 89M) Luis Pagán to third
|
Batting: RHB Tomás Costello
|
0-0: Fly out, F8 (Flyball, 89M) Lined into DP, 8-5 (Flyball, 89M)
|
Bottom of the 3rd over - 0 run(s), 1 hit(s), 0 error(s), 1 left on base; Bellevue 1 - Grim 0 |
TOP OF THE 4TH |
Bellevue Bruins batting - Pitching for Grim Reapers : RHP Edward Scarborough
|
Batting: RHB Alberto Lastaneda
|
0-0: DOUBLE (Groundball, 5L)
|
Batting: LHB Lorenzo Díaz
|
0-0: Ball 1-0: Fly out, F5 (Popup, 5L)
|
Batting: LHB Phil Minor
|
0-0: SINGLE (Groundball, 4MD) Alberto Lastaneda to third Runner from 3rd tries for Home, SAFE, no throw
|
Batting: LHB David Muller
|
0-0: Called Strike 0-1: Foul Ball, location: 2F 0-2: Strikes out swinging
|
Batting: RHB Carlos Cruz
|
0-0: Ball Phil Minor steals 2nd base 1-0: Ball 2-0: Swinging Strike 2-1: Swinging Strike 2-2: Foul Ball, location: 2F 2-2: Foul Ball, location: 2F 2-2: Strikes out swinging
|
Top of the 4th over - 1 run(s), 2 hit(s), 0 error(s), 1 left on base; Bellevue 2 - Grim 0 |
BOTTOM OF THE 4TH |
Grim Reapers batting - Pitching for Bellevue Bruins : RHP Roosevelt Guimond
|
Batting: LHB Dante Aristizabal
|
0-0: Ball 1-0: Foul Ball, location: 2F 1-1: Swinging Strike 1-2: Fly out, F8 (Line Drive, 8LS)
|
Batting: RHB Bernardo Rodríguez
|
0-0: Called Strike 0-1: Foul Ball, location: 2F 0-2: Foul Ball, location: 2F 0-2: Foul Ball, location: 2F 0-2: Foul Ball, location: 2F 0-2: Strikes out looking
|
Batting: RHB Colt Cabana
|
0-0: Ball 1-0: Foul Ball, location: 2F 1-1: Swinging Strike 1-2: Strikes out swinging
|
Bottom of the 4th over - 0 run(s), 0 hit(s), 0 error(s), 0 left on base; Bellevue 2 - Grim 0 |
TOP OF THE 5TH |
Bellevue Bruins batting - Pitching for Grim Reapers : RHP Edward Scarborough
|
Batting: LHB Juan Romero
|
0-0: Called Strike 0-1: Foul Ball, location: 2F 0-2: Fly out, F9 (Flyball, 9)
|
Batting: SHB Jorge Ayala
|
0-0: Ball 1-0: DOUBLE (Line Drive, 8LD)
|
Batting: RHB Ernesto Bea
|
0-0: Swinging Strike 0-1: SINGLE (Groundball, 34D) Jorge Ayala to third Runner from 3rd tries for Home, SAFE, no throw
|
Batting: SHB Aurelio Jiménez
|
0-0: Ball 1-0: Fielders Choice at 2nd, 1-4 (Groundball, 15S)
|
Batting: RHB Alberto Lastaneda
|
0-0: Ball 1-0: Fielders Choice at 2nd, 6-4 (Groundball, 6)
|
Top of the 5th over - 1 run(s), 2 hit(s), 0 error(s), 0 left on base; Bellevue 3 - Grim 0 |
BOTTOM OF THE 5TH |
Grim Reapers batting - Pitching for Bellevue Bruins : RHP Roosevelt Guimond
|
Batting: RHB Jeb Sexton
|
0-0: Called Strike 0-1: Ball 1-1: Ball 2-1: Ball 3-1: Foul Ball, location: 2F 3-2: Strikes out swinging
|
Batting: RHB Héctor Flores
|
0-0: Ball 1-0: Foul Ball, location: 2F 1-1: Ground out 6-3 (Groundball, 6)
|
Batting: RHB Luis Pagán
|
0-0: Ball 1-0: Ball 2-0: Ball 3-0: Called Strike 3-1: Swinging Strike 3-2: Foul Ball, location: 2F 3-2: SINGLE (Line Drive, 3)
|
Batting: RHB Mason Congdon
|
0-0: Called Strike 0-1: Called Strike 0-2: Strikes out swinging
|
Bottom of the 5th over - 0 run(s), 1 hit(s), 0 error(s), 1 left on base; Bellevue 3 - Grim 0 |
TOP OF THE 6TH |
Bellevue Bruins batting - Pitching for Grim Reapers : RHP Edward Scarborough
|
Batting: LHB Lorenzo Díaz
|
0-0: Swinging Strike 0-1: Ground out 1-3 (Groundball, 15)
|
Batting: LHB Phil Minor
|
0-0: Foul Ball, location: 2F 0-1: Swinging Strike 0-2: Ball 1-2: Ground out 5-3 (Groundball, 56S)
|
Batting: LHB David Muller
|
0-0: Called Strike 0-1: Swinging Strike 0-2: Ball 1-2: Strikes out swinging
|
Top of the 6th over - 0 run(s), 0 hit(s), 0 error(s), 0 left on base; Bellevue 3 - Grim 0 |
BOTTOM OF THE 6TH |
Grim Reapers batting - Pitching for Bellevue Bruins : RHP Roosevelt Guimond
|
Batting: SHB Javier Vázquez
|
0-0: Foul Ball, location: 2F 0-1: Ball 1-1: Foul Ball, location: 2F 1-2: Ball 2-2: Ball 3-2: Fly out, F5 (Flyball, 5D)
|
Batting: RHB Tomás Costello
|
0-0: Ball 1-0: Ball 2-0: Ball 3-0: Called Strike 3-1: Ground out 5-3 (Groundball, 56)
|
Batting: LHB Dante Aristizabal
|
0-0: Ball 1-0: Ball 2-0: Ball 3-0: Base on Balls
|
Pitching: LHP Gabriel Turner
|
|
Batting: RHB Bernardo Rodríguez
|
0-0: Fielders Choice at 2nd, 6-4 (Groundball, 6)
|
Bottom of the 6th over - 0 run(s), 0 hit(s), 0 error(s), 0 left on base; Bellevue 3 - Grim 0 |
TOP OF THE 7TH |
Bellevue Bruins batting - Pitching for Grim Reapers : RHP Edward Scarborough
|
Batting: RHB Carlos Cruz
|
0-0: Ball 1-0: Ball 2-0: Ball 3-0: Base on Balls
|
Batting: LHB Juan Romero
|
Balk! Carlos Cruz to second 0-0: Ball 1-0: Called Strike 1-1: Swinging Strike 1-2: DOUBLE (Flyball, 89M) Carlos Cruz scores
|
Batting: SHB Jorge Ayala
|
0-0: Called Strike 0-1: Called Strike 0-2: Strikes out swinging
|
Batting: RHB Ernesto Bea
|
0-0: Called Strike 0-1: Ball 1-1: SINGLE (Flyball, 89S) Juan Romero to third Runner from 3rd tries for Home, SAFE, no throw
|
Pitching: RHP Zi-jun Qing
|
|
Batting: SHB Aurelio Jiménez
|
0-0: Ball 1-0: Fly out, F8 (Flyball, 8RS)
|
Batting: RHB Alberto Lastaneda
|
0-0: SINGLE (Groundball, 6MD) Ernesto Bea to second Throwing error, E8 Ernesto Bea scores Alberto Lastaneda to second
|
Batting: LHB Lorenzo Díaz
|
0-0: Called Strike 0-1: Ball 1-1: Called Strike 1-2: Ball 2-2: Strikes out swinging
|
Top of the 7th over - 3 run(s), 3 hit(s), 1 error(s), 1 left on base; Bellevue 6 - Grim 0 |
BOTTOM OF THE 7TH |
Grim Reapers batting - Pitching for Bellevue Bruins : LHP Gabriel Turner
|
Batting: RHB Colt Cabana
|
0-0: Ball 1-0: Ball 2-0: Ball 3-0: Base on Balls
|
Batting: RHB Jeb Sexton
|
0-0: Called Strike 0-1: Foul Ball, location: 2F 0-2: Hit by Pitch Colt Cabana to second
|
Batting: RHB Héctor Flores
|
0-0: Called Strike 0-1: Swinging Strike 0-2: Ball 1-2: Ball 2-2: Strikes out swinging
|
Batting: RHB Luis Pagán
|
0-0: Ball 1-0: Called Strike 1-1: Grounds into double play, 6-4-3 (Groundball, 6)
|
Bottom of the 7th over - 0 run(s), 0 hit(s), 0 error(s), 1 left on base; Bellevue 6 - Grim 0 |
TOP OF THE 8TH |
Bellevue Bruins batting - Pitching for Grim Reapers : RHP Zi-jun Qing
|
Batting: LHB Phil Minor
|
0-0: Called Strike 0-1: Called Strike 0-2: Ball 1-2: Ball 2-2: Ground out 5-3 (Groundball, 56)
|
Batting: LHB David Muller
|
0-0: Ball 1-0: SINGLE (Line Drive, 89S)
|
Batting: RHB Carlos Cruz
|
0-0: Ball 1-0: Ball David Muller is caught stealing 2nd base 2-0: Ball 3-0: Called Strike 3-1: Base on Balls
|
Batting: LHB Juan Romero
|
0-0: Ground out U3 (Groundball, 3)
|
Top of the 8th over - 0 run(s), 1 hit(s), 0 error(s), 1 left on base; Bellevue 6 - Grim 0 |
BOTTOM OF THE 8TH |
Grim Reapers batting - Pitching for Bellevue Bruins : LHP Gabriel Turner
|
Batting: RHB Mason Congdon
|
0-0: Ball 1-0: Ball 2-0: SINGLE (Line Drive, 6MD)
|
Batting: SHB Javier Vázquez
|
0-0: Ball 1-0: Foul Ball, location: 2F 1-1: Called Strike 1-2: Ball 2-2: Ball 3-2: Strikes out swinging
|
Batting: RHB Tomás Costello
|
0-0: Called Strike 0-1: Called Strike 0-2: Foul Ball, location: 2F 0-2: Fly out, F9 (Flyball, 89M)
|
Batting: LHB Dante Aristizabal
|
0-0: Foul Ball, location: 2F 0-1: Called Strike 0-2: Strikes out swinging
|
Bottom of the 8th over - 0 run(s), 1 hit(s), 0 error(s), 1 left on base; Bellevue 6 - Grim 0 |
TOP OF THE 9TH |
Bellevue Bruins batting - Pitching for Grim Reapers : RHP Zi-jun Qing
|
Batting: SHB Jorge Ayala
|
0-0: Ball 1-0: Foul Ball, location: 2F 1-1: Swinging Strike 1-2: Ball 2-2: Strikes out swinging
|
Batting: RHB Ernesto Bea
|
0-0: Called Strike 0-1: Swinging Strike 0-2: Strikes out swinging
|
Batting: SHB Aurelio Jiménez
|
0-0: SINGLE (Groundball, 4S) (infield hit)
|
Batting: RHB Alberto Lastaneda
|
0-0: Ball 1-0: Ball 2-0: Fielders Choice at 2nd, 6-4 (Groundball, 6)
|
Top of the 9th over - 0 run(s), 1 hit(s), 0 error(s), 0 left on base; Bellevue 6 - Grim 0 |
BOTTOM OF THE 9TH |
Grim Reapers batting - Pitching for Bellevue Bruins : LHP Gabriel Turner
|
Batting: RHB Bernardo Rodríguez
|
0-0: SINGLE (Groundball, 6D)
|
Batting: RHB Colt Cabana
|
0-0: Ball 1-0: Ball 2-0: Called Strike 2-1: Foul Ball, location: 2F 2-2: Strikes out swinging
|
Batting: RHB Jeb Sexton
|
0-0: Ball 1-0: Fly out, F6 (Popup, 6D)
|
Batting: RHB Héctor Flores
|
0-0: Called Strike 0-1: Called Strike 0-2: Hit by Pitch Bernardo Rodríguez to second
|
Batting: RHB Luis Pagán
|
0-0: Called Strike 0-1: Called Strike 0-2: Ball 1-2: Foul Ball, location: 2F 1-2: Fly out, F8 (Flyball, 8LXD)
|
Bottom of the 9th over - 0 run(s), 1 hit(s), 0 error(s), 2 left on base; Bellevue 6 - Grim 0 |
|